 Dungeon Crawl Stone Soup version 0.28-b1-1-g3c77fb2ed1 (webtiles) character file.

Game seed: 17696471555491666652

696 croobank the Sneak (level 7, -8/91 HPs)
             Began as a Deep Dwarf Warper on Jan 30, 2022.
             Was a Follower of Trog.
             Mangled by an ogre (12 damage)
             ... on level 5 of the Dungeon.
             The game lasted 00:17:20 (3001 turns).

croobank the Sneak (Deep Dwarf Warper)              Turns: 3001, Time: 00:17:20

Health: -8/91      AC:  6    Str: 14    XL:     7   Next: 37%
Magic:  10/10      EV: 11    Int: 16    God:    Trog [*.....]
Gold:   93         SH:  0    Dex: 12    Spells: 5/10 levels left

rFire   . . .      SeeInvis +   v - +0 dagger (vamp)
rCold   + . .      Faith    .   (no shield)
rNeg    . . .      Spirit   .   m - +1 ring mail {rC+}
rPois   .          Reflect  .   (no helmet)
rElec   .          Harm     .   (no cloak)
rCorr   .          Rampage  .   (no gloves)
Will    +....                   (no boots)
Stlth   ..........              (no amulet)
HPRegen 0.00/turn               b - ring of see invisible
MPRegen 0.12/turn               (no ring)

@: berserking (expiring), very quick
A: damage resistance, heal wounds, sense surroundings 1, no regeneration
a: Heal Wounds, Renounce Religion, Berserk


You were on level 5 of the Dungeon.
You worshipped Trog.
Trog was aware of your devotion.
You visited 1 branch of the dungeon, and saw 5 of its levels.

You collected 190 gold pieces.
You spent 97 gold pieces at shops.

Inventory:

Hand Weapons
 a - the +6 short sword of Tuin {venom, rF+ Stlth+}
   (You found it on level 3 of the Dungeon)

   It poisons the flesh of those it strikes.
   rF:        It protects you from fire.
   Stlth:     It makes you more stealthy.
 h - a +1 dagger of venom
 l - a +2 dagger of speed
 n - a +2 dagger of draining
 r - a +0 hand axe
 v - a +0 vampiric dagger (weapon)
Missiles
 e - 16 arrows
 k - 17 bolts
 u - 3 boomerangs (quivered)
Armour
 m - a +1 ring mail of cold resistance (worn)
Jewellery
 b - a ring of see invisible (left hand)
 w - a ring of magical power
 x - a ring of flight
Scrolls
 c - a scroll of blinking
 j - a scroll of teleportation
 p - a scroll of enchant weapon {unknown}
 s - a scroll of torment {unknown}
Potions
 d - a potion of cancellation {unknown}
 f - 2 potions of heal wounds {unknown}
 g - a potion of lignification {unknown}
 i - a potion of haste {unknown}
 o - 3 potions of curing {unknown}
 q - a potion of flight {unknown}
 t - a potion of mutation {unknown}


   Skills:
 + Level 2.7 Fighting
 + Level 3.6 Short Blades
 + Level 3.2 Axes
 + Level 1.1 Throwing
 + Level 3.6 Armour
 + Level 3.8 Dodging
 + Level 3.8 Stealth
 - Level 2.4 Spellcasting
 - Level 3.5 Translocations


You had 5 spell levels left.
You knew the following spells:

 Your Spells              Type           Power      Damage    Failure   Level
a - Blink                 Tloc           26%        N/A       14%         2
b - Gell's Gravitas       Tloc           13%        N/A       26%         3

Your spell library contained the following spells:

 Spells                   Type           Power      Damage    Failure   Level
 Lesser Beckoning         Tloc           13%        N/A       26%         3
 Teleport Other           Tloc           13%        N/A       26%         3
 Sublimation of Blood     Necr           1%         N/A       52%         2
 Manifold Assault         Tloc           13%        N/A       94%         5
 Petrify                  Tmut/Erth      1%         N/A       98%         4
 Irradiate                Conj/Tmut      0%         3d13      100%        5


Dungeon Overview and Level Annotations

Branches:
Dungeon (5/15)             Temple (0/1) D:4

Altars:
Dithmenos
Elyvilon
Hepliaklqana
Okawaru
Trog

Shops:
D:3 :**


Innate Abilities, Weirdness & Mutations

You are resistant to damage.
You can heal yourself by infusing magical energy.
You passively map a small area around you.
You do not regenerate.


Message History

The shadow imp misses you.
You hit the shadow imp.
The shadow imp is almost dead.
An ogre comes into view. It is wielding a +0 giant club.
You closely miss the shadow imp.
The shadow imp is almost dead.
The shadow imp hits you but does no damage.
A red film seems to cover your vision as you go berserk!
You feel yourself moving faster!
You feel mighty!
The ogre shouts!
The shadow imp gestures at you. You resist with significant effort.
You barely miss the shadow imp.
The shadow imp is almost dead.
The shadow imp gestures at you. Pain shoots through your body!
You hit the shadow imp.
The shadow imp is almost dead.
You completely miss the shadow imp.
The shadow imp is almost dead.
The shadow imp laughs crazily.
The shadow imp hits you but does no damage.
You barely miss the shadow imp. You punch the shadow imp.
You kill the shadow imp!
Trog accepts your kill. The ogre hits you with a +0 giant club!
* * * LOW HITPOINT WARNING * * *
Unknown command.
You hit the ogre.
The ogre is lightly wounded.
You hit the ogre.
The ogre is lightly wounded.
The ogre hits you with a +0 giant club!!
* * * LOW HITPOINT WARNING * * *
You puncture the ogre!
You feel better.
The ogre is heavily wounded.
You hit the ogre.
The ogre is heavily wounded.
The ogre hits you with a +0 giant club!
You die...

, , ,, , , , ,
, , * * , * *
** * , . ,, , ,
... * * * *
.....##########
.....'O@......#
.....########.#
... , * #.# *^
#.# , ,, * *
#.# ,, , ,,, ,
#.# , , #.# ,
,, ,, #.# #.#


You could see an ogre.

Vanquished Creatures
  Menkaure (D:4)
  A black bear (D:4)
  An ogre (D:3)
  2 phantoms (D:4)
  An iguana (D:4)
  Terence (D:2)
  2 hound skeletons (D:4)
  A gnoll (D:3)
  5 adders
  A shadow imp (D:5)
  An adder zombie (D:5)
  2 worms
  2 dart slugs
  5 orcs (D:4)
  7 ball pythons
  8 endoplasms
  A giant cockroach (D:4)
  10 hobgoblins
  8 jackals
  2 quokkas
  6 bats
  5 frilled lizards
  8 goblins
  7 kobolds
  4 rats
92 creatures vanquished.

Notes
Turn   | Place    | Note
-------+----------+-------------------------------------------
     0 | D:1      | croobank the Deep Dwarf Warper began the quest for the Orb.
     0 | D:1      | Reached XP level 1. HP: 19/19 MP: 3/3
   127 | D:1      | Reached XP level 2. HP: 13/26 MP: 4/4
   567 | D:1      | Reached XP level 3. HP: 27/32 MP: 6/6
   570 | D:1      | Learned a level 2 spell: Blink
   574 | D:1      | Learned a level 3 spell: Gell's Gravitas
   851 | D:2      | Reached skill level 1 in Stealth
   920 | D:2      | Noticed Terence
   927 | D:2      | Killed Terence
   928 | D:2      | Reached XP level 4. HP: 26/39 MP: 7/7
   946 | D:2      | Found a bloodstained altar of Trog.
   959 | D:2      | Became a worshipper of Trog the Wrathful
  1407 | D:3      | Found a bloodstained altar of Trog.
  1407 | D:3      | Found an iron altar of Okawaru.
  1465 | D:3      | Identified the +6 short sword of Tuin {venom, rF+ Stlth+}
  1487 | D:3      | Found Bela Zucall's Assorted Antiques.
  1495 | D:3      | Bought a scroll labelled HAICZI SEVUO for 25 gold pieces
  1495 | D:3      | Bought a scroll labelled GUNUMNU CICVU for 25 gold pieces
  1495 | D:3      | Bought a viscous amethyst potion for 22 gold pieces
  1519 | D:3      | Reached skill level 1 in Short Blades
  1658 | D:3      | Found a shadowy altar of Dithmenos.
  1730 | D:3      | Found a faded altar of an unknown god.
  1760 | D:3      | Found a white marble altar of Elyvilon.
  1824 | D:3      | Noticed an ogre
  1835 | D:3      | Killed an ogre
  1835 | D:3      | Reached * piety under Trog
  1836 | D:3      | Reached skill level 1 in Throwing
  1836 | D:3      | Reached XP level 5. HP: 4/45 MP: 8/8
  1938 | D:3      | Found Jusm's Assorted Antiques.
  1955 | D:3      | Bought a bubbling golden potion for 25 gold pieces
  1958 | D:3      | Found Janniats's Book Boutique.
  2178 | D:4      | Found a hazy altar of Hepliaklqana.
  2212 | D:4      | Noticed a phantom
  2222 | D:4      | Killed a phantom
  2223 | D:4      | Reached XP level 6. HP: 25/52 MP: 9/9
  2418 | D:4      | Reached XP level 7. HP: 57/61 MP: 10/10
  2784 | D:4      | Found a staircase to the Ecumenical Temple.
  2785 | D:4      | Noticed Menkaure
  2806 | D:4      | Killed Menkaure
  2872 | D:5      | Entered Level 5 of the Dungeon
  2999 | D:5      | HP: 1/91 [ogre (17)]
  3001 | D:5      | Mangled by an ogre

Illustrated notes

Levels and vault maps discovered:
D:1:      scummos_arrival_forest, layout_basic
D:2:      layout_loops_cross, basic_altar, minmay_misc_feat_columns,
          minmay_misc_feat_secret_circle, uniq_terence
D:3:      layout_basic, grunt_temple_overflow_bloody_war, elyvilon_altar_1,
          nicolae_dithmenos_shadow_blocks, serial_shops,
          nicolae_shop_competitors_out_of_business,
          nicolae_shop_competitors_out_of_business, nicolae_shop_stone,
          dreamdust_ecumenical_altar_statues
D:4:      layout_basic, lemuel_tele_altar, minmay_temple_entry_nine_rooms,
          uniq_menkaure
D:5:      layout_basic, uniq_eustachio

Skill      XL: |  1  2  3  4  5  6 |
---------------+-------------------+-----
Spellcasting   | 2 |  2.4
Stealth        | 1 2 3 |  3.8
Axes           | 3 |  3.2
Short Blades   | 2 3 |  3.6
Fighting       | 2 |  2.7
Throwing       | 1 |  1.1
Armour         | 2 3 |  3.6
Dodging        | 3 |  3.8
Translocations | |  3.5

Action                   |  1- 3 |  4- 6 |  7- 9 || total
-------------------------+-------+-------+-------++-------
Melee: Hand axe          |    16 |       |       ||    16
       Dagger            |    81 |    95 |    37 ||   213
       Short sword       |       |    71 |    24 ||    95
       Punch             |       |     3 |     1 ||     4
Throw: Boomerang         |     1 |     4 |       ||     5
 Cast: Blink             |     1 |       |       ||     1
Invok: Berserk           |       |     2 |     1 ||     3
 Abil: Heal Wounds       |     1 |     3 |     1 ||     5
  Use: Scroll            |       |     3 |       ||     3
 Stab: Sleeping          |       |     7 |     1 ||     8
Armor: Leather armour    |    21 |       |       ||    21
       Ring mail         |       |    37 |    21 ||    58
Dodge: Dodged            |    59 |    81 |    18 ||   158
